 Dungeon Sprint DCSS version 0.29-a0-1008-g949cc1d0fb (webtiles) character file.

Game seed: 8843134266598930201

104 mhtbhm the Covert (level 4, -3/23 HPs)
             Began as a Spriggan Brigand on Aug 7, 2022.
             Drowned by a water elemental (4 damage)
             ... in the Dungeon (Sprint III: "The Ten Rune Challenge").
             The game lasted 00:02:41 (485 turns).

mhtbhm the Covert (Spriggan Brigand)                 Turns: 485, Time: 00:02:41

Health: -3/23      AC:  5    Str:  7    XL:     4   Next: 52%
Magic:  5/5        EV: 17    Int: 12    God:
Gold:   27         SH:  0    Dex: 18    Spells: 3/3 levels left

rFire   . . .      SeeInvis +   a - +2 dagger
rCold   . . .      Faith    .   (no shield)
rNeg    . . .      Spirit   .   b - +2 robe {Will+}
rPois   .          Reflect  .   (helmet restricted)
rElec   .          Harm     .   c - +0 cloak
rCorr   .          Rampage  .   (gloves unavailable)
Will    +....      NoTele   +   (boots unavailable)
Stlth   +++++.....              (no amulet)
HPRegen 0.07/turn               (no ring)
MPRegen 0.09/turn               (no ring)

@: engulfed (cannot breathe), attractive, hasted, very quick
A: very small, no large weapons, unfitting armour, see invisible, speed 3
a: no special abilities


You were in the Dungeon.
You visited 1 branch You collected 27 gold pieces.

Inventory:

Hand Weapons
 a - a +2 dagger (weapon)
Missiles
 d - 4 poisoned darts (quivered)
 e - a curare-tipped dart
Armour
 b - a +2 robe of willpower (worn)
 c - a +0 cloak (worn)
Scrolls
 k - a scroll of blinking
 l - a scroll of torment
 m - a scroll of identify {unknown}
 o - a scroll of poison {unknown}
Potions
 f - a potion of curing
 i - 2 potions of magic
 j - 4 potions of mutation {unknown}
 n - 3 potions of flight


   Skills:
 + Level 2.7 Fighting
 + Level 3.2 Short Blades
 + Level 3.8 Throwing
 + Level 2.3 Dodging
 + Level 12.7 Stealth


You had 3 spell levels left.
You didn't know any spells.
Your spell library was empty.

Dungeon Overview and Level Annotations

Branches:
Dungeon (1/1)

Altars:


Innate Abilities, Weirdness & Mutations

You are very small and have problems with some larger weapons.
You are too small for most types of armour.
You have supernaturally acute eyesight. (SInv)
You cover ground extremely quickly. (Speed+++)


Message History

Throw: 6 darts (poison)
Press: ? - help, Q - select action, (/) - cycle Shift-Dir - straight line, f/p - water elemental
Aim: a water elemental (73% to hit)
You throw a poisoned dart.
The poisoned dart barely misses the water elemental.
Unknown command.
Throw: 5 darts (poison)
Press: ? - help, Q - select action, (/) - cycle Shift-Dir - straight line, f/p - water elemental
Aim: a water elemental (73% to hit)
You throw a poisoned dart.
The poisoned dart hits the water elemental!
Unknown command.
It was a potion of attraction.
You feel attractive to monsters.
You hit the water elemental.
You punch the water elemental, but do no damage.
The water elemental is lightly damaged.
The water elemental hits you.
The water elemental engulfs you in water!
You slip free of the water engulfing you.
You gasp with relief as air once again reaches your lungs.
The water elemental is attracted toward you.
Okay, then.
As you read the scroll labelled FUSTRE JESI, it crumbles to dust.
Your body is wracked with pain!
It was a scroll of torment.
The water elemental hits you.
* * * LOW HITPOINT WARNING * * *
The water elemental engulfs you in water!
You hit the water elemental but do no damage.
The water elemental is lightly damaged.
* * * LOW HITPOINT WARNING * * *
Your lungs strain for air!
You hit the water elemental.
The water elemental is lightly damaged.
* * * LOW HITPOINT WARNING * * *
Your lungs strain for air!
The water elemental barely misses you.
You barely miss the water elemental.
The water elemental is lightly damaged.
You die...

▓..##.....÷.#..#..#
▓##.##.##...#..#..###+#+###
##.##.###..##'#..#........
▓#.####.##..###...'.⌠......
▓.###..##..####..(#...#####
▓#..†..##..###....#.⌠.#
###..##)[.##..(..#...#
##..##....#E.(..(#+###
#..###..##@#..†..# #=.#
#..#####....# ▓▓▓▓ ▓▓▓▓
▓▓▓▓▓▓


You could see a water elemental.

Vanquished Creatures
  A scorpion (D)
  Jessica (D)
  A human (D)
  3 rats (D)
6 creatures vanquished.

Notes
Turn   | Place    | Note
-------+----------+-------------------------------------------
     0 | D        | mhtbhm the Spriggan Brigand began the quest for the Orb.
     0 | D        | Reached XP level 1. HP: 10/10 MP: 2/2
    12 | D        | Reached skill level 6 in Stealth
    73 | D        | Noticed Jessica
    81 | D        | Killed Jessica
    82 | D        | Reached skill level 9 in Stealth
    82 | D        | Reached XP level 2. HP: 4/15 MP: 3/3
   300 | D        | Noticed a scorpion
   303 | D        | Killed a scorpion
   304 | D        | Reached skill level 12 in Stealth
   304 | D        | Reached XP level 3. HP: 19/19 MP: 4/4
   304 | D        | Reached XP level 4. HP: 23/23 MP: 5/5
   459 | D        | Noticed a water elemental
   484 | D        | HP: 1/23 [drowned by a water elemental (3)]
   485 | D        | Drowned by a water elemental

Illustrated notes

Levels and vault maps discovered:
D:        dungeon_sprint_mu [sprint_mu_entry_cave, sprint_mu_temple_rooms,
          sprint_mu_d1_spiders, sprint_mu_d2_genie, sprint_mu_d3_branching,
          sprint_mu_orc_legion, sprint_mu_elf_gauntlet, sprint_mu_hive_nellie,
          sprint_mu_lair_fedhas, sprint_mu_vaults_butterflies,
          sprint_mu_slime_circle, sprint_mu_shoals_archi,
          sprint_mu_snake_twists, sprint_mu_blade_basic,
          sprint_mu_crypt_chambers, sprint_mu_tomb_spiral,
          sprint_mu_vestibule_basic, sprint_mu_gehenna_hellfire,
          sprint_mu_dis_giant, sprint_mu_tartarus_statrot,
          sprint_mu_cocytus_islands, sprint_mu_zot1]

Skill      XL: |  1  2 |
---------------+-------+-----
Stealth        | 9 12 | 12.7
Fighting       | 2 |  2.7
Dodging        | 2 |  2.3
Short Blades   | 3 |  3.2
Throwing       | 3 |  3.8

Action                   |  1- 3 |  4- 6 || total
-------------------------+-------+-------++-------
Melee: Dagger            |     9 |    16 ||    25
       Punch             |       |     1 ||     1
Throw: Dart              |     2 |    12 ||    14
  Use: Potion            |       |     4 ||     4
       Scroll            |       |     1 ||     1
 Stab: Sleeping          |     2 |       ||     2
Armor: Robe              |       |     2 ||     2
Dodge: Dodged            |     3 |     5 ||     8

Table legend: (Time is in decaauts)
 A = Elapsed time spent in this place.
 B = Non-inter-level travel time spent in this place.
 C = Inter-level travel time spent in this place.
 D = Time resting spent in this place.
 E = Time spent auto-exploring this place.
 F = Levels seen in this place.
 G = Mean time per level.
                   A        B        C        D        E       F      G
               +--------+--------+--------+--------+--------+-----+--------+
         Total |    425 |    425 |      0 |    262 |     37 |   1 |  425.0 |
       Dungeon |    425 |    425 |      0 |    262 |     37 |   1 |  425.0 |
               +--------+--------+--------+--------+--------+-----+--------+

Top non-repeatable levels by time:
       D: 425 daAuts
